 Dungeon Crawl Stone Soup version 0.29.1-12-g30fa7ad0bf (webtiles) character file.

Game seed: 11010633131263459540

365 mopl the Ducker (level 6, -1/53 HPs)
             Began as a Gnoll Monk on Dec 16, 2022.
             Slain by a scorpion (3 damage)
             ... on level 5 of the Dungeon on Dec 20, 2022.
             The game lasted 00:06:17 (4325 turns).

mopl the Ducker (Gnoll Monk)                        Turns: 4325, Time: 00:06:18

Health: -1/53      AC: 10    Str: 18    XL:     6   Next: 68%
Magic:  9/9        EV:  9    Int: 10    God:
Gold:   239        SH:  0    Dex: 14    Spells: 9/9 levels left

rFire   . . .      SeeInvis .   a - +0 mace
rCold   . . .      Faith    .   (no shield)
rNeg    . . .      Spirit   .   k - +0 chain mail
rPois   .          Reflect  .   (no helmet)
rElec   .          Harm     .   (no cloak)
rCorr   .          Rampage  .   d - +0 pair of gloves
Will    .....                   m - +0 pair of boots
Stlth   ..........              b - amulet of the acrobat
HPRegen 0.17/turn               o - +6 ring of strength
MPRegen 0.11/turn               (no ring)

@: lethally poisoned (-1 -> -6)
A: fangs 1, strong nose, distributed training
a: no special abilities


You were on level 5 of the Dungeon.
You visited 1 branch of the dungeon, and saw 5 of its levels.
You also visited: Sewer.

You collected 278 gold pieces.
You spent 39 gold pieces at shops.

Inventory:

Hand Weapons
 a - a +0 mace (weapon)
Missiles
 g - a throwing net
 h - 4 datura-tipped darts
 i - 22 poisoned darts (quivered)
 y - 4 boomerangs
Armour
 d - a +0 pair of gloves (worn)
 k - a +0 chain mail (worn)
 m - a +0 pair of boots (worn)
Jewellery
 b - an amulet of the acrobat (around neck)
 n - a ring of ice
 o - a +6 ring of strength (left hand)
Wands
 l - a wand of polymorph (18)
Scrolls
 p - a scroll of vulnerability {unknown}
 q - a scroll of blinking {unknown}
 r - 2 scrolls of silence {unknown}
 s - a scroll of fear {unknown}
 v - a scroll of poison {unknown}
 x - a scroll of noise {unknown}
 A - a scroll of identify
 B - a scroll of enchant weapon {unknown}
Potions
 c - a potion of ambrosia
 e - 2 potions of heal wounds
 f - 2 potions of invisibility
 j - a potion of curing
 t - a potion of resistance
 u - 2 potions of haste {unknown}
 w - a potion of magic
 z - a potion of flight {unknown}


   Skills:
 + Level 6.9 Fighting
 + Level 2.1 Short Blades
 + Level 2.1 Long Blades
 + Level 2.1 Axes
 + Level 6.9 Maces & Flails
 + Level 2.1 Polearms
 + Level 2.1 Staves
 + Level 2.1 Ranged Weapons
 + Level 2.1 Throwing
 + Level 2.1 Armour
 + Level 6.9 Dodging
 + Level 4.7 Stealth
 + Level 2.1 Shields
 + Level 2.1 Unarmed Combat
 + Level 2.1 Spellcasting
 + Level 1.7 Conjurations
 + Level 1.7 Hexes
 + Level 1.7 Summonings
 + Level 1.7 Necromancy
 + Level 1.7 Translocations
 + Level 1.7 Transmutations
 + Level 1.7 Fire Magic
 + Level 1.7 Ice Magic
 + Level 1.7 Air Magic
 + Level 1.7 Earth Magic
 + Level 1.7 Poison Magic
 + Level 2.4 Invocations
 + Level 2.1 Evocations


You had 9 spell levels left.
You didn't know any spells.
Your spell library contained the following spells:

 Spells                   Type           Power      Damage    Failure   Level
 Magic Dart               Conj           16%        1d3       91%         1
 Searing Ray              Conj           8%         2d4       97%         2
 Tukima's Dance           Hex            4%         N/A       99%         3
 Anguish                  Hex/Necr       2%         N/A       100%        4
 Fulminant Prism          Conj/Hex       2%         3d6       100%        4
 Passage of Golubria      Tloc           4%         N/A       100%        4
 Yara's Violent Unravell  Hex/Tmut       2%         3d3       100%        5
 Enfeeble                 Hex            2%         N/A       100%        7


Dungeon Overview and Level Annotations

Branches:
Dungeon (5/15)              Sewer (visited)
 Temple: D:4-7

Altars:
Cheibriados
Qazlal
Ru
Vehumet
Wu Jian

Shops:
D:2 *

Annotations:
D:4 1 runed translucent door, Crazy Yiuf


Innate Abilities, Weirdness & Mutations

You have very sharp teeth.
Your uncanny sense of smell can sniff out nearby items.
Your experience applies equally to all skills.


Message History

Unknown command.
Throw: 25 darts (poison)
Press: ? - help, Q - select action, (/) - cycle Shift-Dir - straight line, f/p - scorpion
Aim: a scorpion (63% to hit)
You throw a poisoned dart. The poisoned dart hits the scorpion.
Unknown command.
Throw: 24 darts (poison)
Press: ? - help, Q - select action, (/) - cycle Shift-Dir - straight line, f/p - scorpion
Aim: a scorpion (63% to hit)
You throw a poisoned dart. The poisoned dart hits the scorpion.
The scorpion is poisoned.
Unknown command.
Throw: 23 darts (poison)
Press: ? - help, Q - select action, (/) - cycle Shift-Dir - straight line, f/p - scorpion
Aim: a scorpion (lightly wounded, poisoned, 63% to hit)
You throw a poisoned dart. The poisoned dart hits the scorpion.
The scorpion is lightly wounded.
Unknown command.
You thump the scorpion! Your bite misses the scorpion.
The scorpion is heavily wounded.
The scorpion stings you but does no damage. x2
You barely miss the scorpion.
The scorpion is heavily wounded.
The scorpion stings you.
* * * LOW HITPOINT WARNING * * *
You hit the scorpion.
The scorpion is severely wounded.
The scorpion stings you but does no damage.
You hit the scorpion.
The scorpion is severely wounded.
The scorpion stings you.
* * * LOW HITPOINT WARNING * * *
You are lethally poisoned!
The scorpion poisons you! The scorpion closely misses you.
You hit the scorpion but do no damage.
You bite the scorpion, but do no damage.
The scorpion is severely wounded.
* * * LOW HITPOINT WARNING * * *
You feel sick. The scorpion stings you.
You die...

..... .#...#
#.... .#....
#....## #......
......#.......
##............
#.....>.......
.#.............
.......@.......
.#.###..s......
....#(.....
.....##(....#
....... (####
#...... .(
....... ∆..
.$....# ...


You could see a scorpion (poisoned).

Vanquished Creatures
  A water moccasin (D:4)
  A kobold brigand (Sewer)
  A gnoll bouda (D:4)
  An orc wizard (D:3)
  An adder (D:3)
  4 gnolls
  A worm (D:2)
  3 orcs (D:4)
  9 ball pythons
  7 endoplasms
  2 giant cockroaches
  5 goblins
  4 hobgoblins
  4 jackals
  4 quokkas
  7 bats
  7 frilled lizards
  20 kobolds
  4 rats
86 creatures vanquished.

Vanquished Creatures (others)
  A plant (Sewer)
1 creature vanquished.

Grand Total: 87 creatures vanquished

Notes
Turn   | Place    | Note
-------+----------+-------------------------------------------
     0 | D:1      | mopl the Gnoll Monk began the quest for the Orb.
     0 | D:1      | Reached XP level 1. HP: 23/23 MP: 1/1
   123 | D:1      | Reached XP level 2. HP: 19/29 MP: 2/2
   394 | D:1      | Reached XP level 3. HP: 29/35 MP: 3/3
   537 | D:1      | Reached skill level 1 in Invocations
   572 | D:1      | Found a faded altar of an unknown god.
   588 | D:1      | Prayed at the altar of an unknown god.
   588 | D:1      | Became a worshipper of Vehumet
   588 | D:1      | Reached * piety under Vehumet
   588 | D:1      | Offered knowledge of Shock by Vehumet.
   588 | D:1      | Reached ** piety under Vehumet
   589 | D:1      | Fell from the grace of Vehumet
  1074 | D:2      | Reached skill level 1 in Short Blades
  1074 | D:2      | Reached skill level 1 in Long Blades
  1074 | D:2      | Reached skill level 1 in Axes
  1074 | D:2      | Reached skill level 1 in Polearms
  1074 | D:2      | Reached skill level 1 in Staves
  1074 | D:2      | Reached skill level 1 in Ranged Weapons
  1074 | D:2      | Reached skill level 1 in Throwing
  1074 | D:2      | Reached skill level 1 in Armour
  1074 | D:2      | Reached skill level 1 in Shields
  1074 | D:2      | Reached skill level 1 in Unarmed Combat
  1074 | D:2      | Reached skill level 1 in Spellcasting
  1074 | D:2      | Reached skill level 1 in Evocations
  1661 | D:2      | Found Vuqedut's General Store.
  1681 | D:2      | Bought a potion of attraction for 39 gold pieces
  1807 | D:3      | Reached XP level 4. HP: 41/41 MP: 5/5
  1838 | D:3      | Noticed an earth elemental
  1842 | D:3      | Noticed an air elemental
  1844 | D:3      | Found a stormy altar of Qazlal.
  1846 | D:3      | Noticed a fire elemental
  1949 | D:3      | Found a glowing drain.
  1954 | Sewer    | Entered a sewer
  2189 | Sewer    | Reached skill level 1 in Conjurations
  2189 | Sewer    | Reached skill level 1 in Hexes
  2189 | Sewer    | Reached skill level 1 in Summonings
  2189 | Sewer    | Reached skill level 1 in Necromancy
  2189 | Sewer    | Reached skill level 1 in Translocations
  2189 | Sewer    | Reached skill level 1 in Transmutations
  2189 | Sewer    | Reached skill level 1 in Fire Magic
  2189 | Sewer    | Reached skill level 1 in Ice Magic
  2189 | Sewer    | Reached skill level 1 in Air Magic
  2189 | Sewer    | Reached skill level 1 in Earth Magic
  2189 | Sewer    | Reached skill level 1 in Poison Magic
  2242 | Sewer    | Noticed a kobold brigand
  2255 | Sewer    | Killed a kobold brigand
  2256 | Sewer    | Reached XP level 5. HP: 24/47 MP: 5/7
  2559 | D:3      | Noticed a water elemental
  2864 | D:3      | Found a sacrificial altar of Ru.
  3017 | D:3      | Found a snail-covered altar of Cheibriados.
  3317 | D:4      | Noticed a water moccasin
  3340 | D:4      | Killed a water moccasin
  3341 | D:4      | Reached skill level 2 in Short Blades
  3341 | D:4      | Reached skill level 2 in Long Blades
  3341 | D:4      | Reached skill level 2 in Axes
  3341 | D:4      | Reached skill level 2 in Polearms
  3341 | D:4      | Reached skill level 2 in Staves
  3341 | D:4      | Reached skill level 2 in Ranged Weapons
  3341 | D:4      | Reached skill level 2 in Throwing
  3341 | D:4      | Reached skill level 2 in Armour
  3341 | D:4      | Reached skill level 2 in Shields
  3341 | D:4      | Reached skill level 2 in Unarmed Combat
  3341 | D:4      | Reached skill level 2 in Spellcasting
  3341 | D:4      | Reached skill level 2 in Invocations
  3341 | D:4      | Reached skill level 2 in Evocations
  3341 | D:4      | Reached XP level 6. HP: 16/53 MP: 7/9
  4017 | D:4      | Found a runed translucent door.
  4018 | D:4      | Noticed Crazy Yiuf
  4177 | D:4      | Found an ornate altar of the Wu Jian Council.
  4314 | D:5      | Entered Level 5 of the Dungeon
  4325 | D:5      | HP: 2/53 [poisoned by a scorpion]
  4325 | D:5      | Slain by a scorpion

Illustrated notes

Levels and vault maps discovered:
D:1:      dpeg_arrival_tiny_c, layout_loops_ring,
          shapermc_ecumenical_altar_ellora, minmay_vboxes
D:2:      layout_basic, serial_shops, shop_fountains
D:3:      layout_basic, chei_slow_surprise, nicolae_ru_great_annihilating_truth,
          nicolae_qazlal_style_of_elements, portal_sewer_entry_e,
          serial_co_window_serial, co_window_paths_b, co_window_paths_a,
          co_window_paths_a, co_window_of_opportunity_a,
          co_window_of_opportunity_a, co_window_corner_a,
          co_window_of_opportunity_c, co_window_unsneaky_path_a,
          co_window_2corner, co_window_corner_ca, co_window_corner_b,
          co_window_paths_d
D:4:      layout_loops_cross, grunt_temple_overflow_holy_war,
          overflow_temple_1_default, uniq_crazy_yiuf_cottage
D:5:      layout_cave_pools, nicolae_overflow_two_pavilions,
          minmay_temple_entry_waves, kennysheep_generic_room_13

Skill      XL: |  1  2  3  4  5 |
---------------+----------------+-----
Invocations    | 1 2 |  2.4
Short Blades   | 1 2 |  2.1
Long Blades    | 1 2 |  2.1
Axes           | 1 2 |  2.1
Polearms       | 1 2 |  2.1
Staves         | 1 2 |  2.1
Ranged Weapons | 1 2 |  2.1
Throwing       | 1 2 |  2.1
Armour         | 1 2 |  2.1
Shields        | 1 2 |  2.1
Unarmed Combat | 1 2 |  2.1
Spellcasting   | 1 2 |  2.1
Evocations     | 1 2 |  2.1
Conjurations   | 1 |  1.7
Hexes          | 1 |  1.7
Summonings     | 1 |  1.7
Necromancy     | 1 |  1.7
Translocations | 1 |  1.7
Transmutations | 1 |  1.7
Fire Magic     | 1 |  1.7
Ice Magic      | 1 |  1.7
Air Magic      | 1 |  1.7
Earth Magic    | 1 |  1.7
Poison Magic   | 1 |  1.7
Fighting       | |  6.9
Maces & Flails | |  6.9
Dodging        | |  6.9
Stealth        | |  4.7

Action                   |  1- 3 |  4- 6 || total
-------------------------+-------+-------++-------
Melee: Mace              |   102 |   175 ||   277
       Bite              |    14 |    12 ||    26
       Punch             |     1 |       ||     1
Throw: Dart              |     2 |     4 ||     6
Invok: Renounce Religion |     1 |       ||     1
  Use: Scroll            |     3 |     4 ||     7
       Potion            |       |     3 ||     3
 Stab: Sleeping          |     8 |       ||     8
       Paralysed         |       |     2 ||     2
Armor: Robe              |    17 |       ||    17
       Ring mail         |    10 |       ||    10
       Chain mail        |     1 |    72 ||    73
Dodge: Dodged            |    86 |   104 ||   190
